 Dungeon Crawl Stone Soup version 0.30.1-9-gdf580d7c3d (webtiles) character file.

Game seed: 17561396066088129757

91 monsoonserge the Slasher (level 4, -4/38 HPs)
             Began as a Merfolk Monk on Oct 25, 2023.
             Slain by Terence
             ... wielding a +1 hand axe of freezing
              (7 damage)
             ... on level 2 of the Dungeon.
             The game lasted 00:03:16 (1116 turns).

monsoonserge the Slasher (Merfolk Monk)             Turns: 1116, Time: 00:03:17

Health: -4/38      AC:  2    Str: 11    XL:     4   Next: 57%
Magic:  4/4        EV: 14    Int:  9    God:
Gold:   73         SH:  0    Dex: 18    Spells: 3/3 levels left

rFire   . . .        a - +0 falchion
rCold   + . .        d - orb {light}
rNeg    . . .        b - +0 robe
rPois   .            (no helmet)
rElec   .            (no cloak)
rCorr   .            (no gloves)
SInv    .            (no boots)
Will    .....        (no amulet)
Stlth   +            i - ring of protection from cold
HPRegen 0.26/turn    (no ring)
MPRegen 0.09/turn

%: no passive effects
@: glowing
A: (nimble swimmer 2), mertail
a: no special abilities


You were on level 2 of the Dungeon.
You visited 1 branch of the dungeon, and saw 2 of its levels.

You collected 73 gold pieces.

Inventory:

Hand Weapons
 a - a +0 falchion (weapon)
Missiles
 j - a throwing net
 k - 3 boomerangs (quivered)
Armour
 b - a +0 robe (worn)
 d - an orb of light (worn)
Magical Staves
 g - a staff of air
Jewellery
 i - a ring of protection from cold (left hand)
 l - a ring of ice
Scrolls
 f - a scroll of noise {unknown}
 h - a scroll of summoning {unknown}
Potions
 c - a potion of ambrosia
 e - a potion of cancellation {unknown}
 m - a potion of lignification {unknown}


   Skills:
 + Level 4.5 Fighting
 + Level 4.7 Long Blades
 + Level 4.6 Dodging


You had 3 spell levels left.
You didn't know any spells.
Your spell library contained the following spells:

 Spells                   Type           Power      Damage    Failure   Level
 Freeze                   Ice            0%         1d3       38%         1
 Frozen Ramparts          Ice            0%         1d1       77%         3
 Hailstorm                Conj/Ice       0%         3d3       77%         3


Dungeon Overview and Level Annotations

Branches:
Dungeon (2/15)

Altars:

Shops:
D:1 [(!:(

Annotations:
D:2 Terence


Innate Abilities, Weirdness & Mutations

((You are very nimble when in or above water. (Stealth+, EV+, Speed+++)))
Your lower body shifts to a powerful aquatic tail in water.


Message History

You closely miss the goblin. The goblin hits you but does no damage.
You hit the goblin.
You kill the goblin!
You see here a +0 dagger.
A kobold comes into view. It is wielding a +0 short sword.
The kobold shouts!
You hear a shout!
The kobold throws a stone.
The stone hits you but does no damage.
Found a dagger.
The kobold throws a stone.
The stone closely misses you.
Terence the Incautious comes into view.
He is wielding a +1 hand axe of freezing and wearing a +4 ring mail of fire resistance.
Terence shouts!
The kobold throws a stone.
The stone hits you but does no damage. The kobold hits you but does no damage.
You hit the kobold.
The kobold is severely wounded.
The kobold closely misses you.
You barely miss the kobold.
The kobold is severely wounded.
Terence hits you with a +1 hand axe of freezing.
Terence freezes you.
The kobold hits you with a +0 short sword.
You hit the kobold.
You kill the kobold!
Terence completely misses you.
You hit Terence but do no damage.
Terence drinks a potion.
Terence goes berserk!
You hit Terence but do no damage. Terence misses you.
Terence hits you with a +1 hand axe of freezing!
Terence freezes you.
You hit Terence.
Terence is lightly wounded.
Terence hits you with a +1 hand axe of freezing!
Terence freezes you.
You hit Terence.
Terence is lightly wounded.
Terence hits you with a +1 hand axe of freezing!
* * * LOW HITPOINT WARNING * * *
Terence freezes you.
* * * LOW HITPOINT WARNING * * *
Terence hits you with a +1 hand axe of freezing!
You die...

#.# #)# #.#
#.# #.# .
#.#########..
#...........#
#.....@..)...
#....@).....#
#...........#
#..........##
###........#
#........#
#........#
#........#
#........#


You could see Terence (berserk).

Vanquished Creatures
  Jessica (D:2)
  An adder (D:2)
  A gnoll (D:1)
  2 worms (D:2)
  A dart slug (D:1)
  4 endoplasms (D:1)
  A giant cockroach (D:2)
  4 hobgoblins
  A quokka (D:1)
  A ball python (D:1)
  5 bats
  2 frilled lizards (D:1)
  8 goblins
  2 kobolds
  3 rats (D:1)
37 creatures vanquished.

Notes
Turn   | Place    | Note
-------+----------+-------------------------------------------
     0 | D:1      | monsoonserge the Merfolk Monk began the quest for the Orb.
     0 | D:1      | Reached XP level 1. HP: 18/18 MP: 1/1
     4 | D:1      | Found Uhawarch's Antique Armour Shoppe.
    35 | D:1      | Found Wiceinut's Distillery.
    64 | D:1      | Found Tyisat's Antique Weapon Boutique.
    67 | D:1      | Found Cori's Antique Weapon Shop.
    75 | D:1      | Reached XP level 2. HP: 10/24 MP: 2/2
   164 | D:1      | Found Tuckutig's Book Boutique.
   334 | D:1      | Reached XP level 3. HP: 18/30 MP: 3/3
   763 | D:2      | Reached XP level 4. HP: 37/37 MP: 4/4
   945 | D:2      | Noticed Jessica
   972 | D:2      | Killed Jessica
  1107 | D:2      | Noticed Terence
  1116 | D:2      | Slain by Terence

Illustrated notes

Levels and vault maps discovered:
D:1:      dpeg_arrival_pits, layout_rooms, serial_shops, shop,
          nicolae_shop_rolling_square, shop, nicolae_shop_statue_plus, shop
D:2:      kennysheep_six_static_rooms, layout_basic, kennysheep_doodads,
          uniq_terence, uniq_jessica

Skill      XL: |  1  2 |
---------------+-------+-----
Long Blades    | 4 |  4.7
Fighting       | 4 |  4.5
Dodging        | |  4.6

Action                     |  1- 3 |  4- 6 || total
---------------------------+-------+-------++-------
  Melee: Falchion          |    95 |    29 ||   124
 Armour: Robe              |    16 |     5 ||    21
  Dodge: Dodged            |    71 |    11 ||    82
